 Dungeon Crawl Stone Soup version 0.31-a0-219-g8d62b2e7bb (webtiles) character file.

Game seed: 16029218965522380301

304 bmack86 the Chopper (level 6, -6/51 HPs)
             Began as a Minotaur Fighter on July 3, 2023.
             Mangled by an orc warrior
             ... wielding a +0 glaive
              (21 damage)
             ... on level 4 of the Dungeon.
             The game lasted 00:07:33 (3397 turns).

bmack86 the Chopper (Minotaur Fighter)              Turns: 3397, Time: 00:07:33

Health: -6/51      AC:  8    Str: 23    XL:     6   Next: 15%
Magic:  5/5        EV:  9    Int:  5    God:
Gold:   194        SH:  4    Dex:  9    Spells: 5/5 levels left

rFire   . . .        a - +0 war axe
rCold   . . .        c - +0 buckler
rNeg    . . .        b - +0 scale mail
rPois   .            (helmet restricted)
rElec   .            (no cloak)
rCorr   .            (no gloves)
SInv    +            i - +0 pair of boots
Will    .....        (no amulet) Stlth
                     h - ring of see invisible
HPRegen 0.28/turn    (no ring)
MPRegen 0.09/turn

%: no passive effects
@: no status effects
A: horns 2, retaliatory headbutt
a: no special abilities


You were on level 4 of the Dungeon.
You visited 1 branch of the dungeon, and saw 4 of its levels.
You also visited: Sewer.

You collected 194 gold pieces.

Inventory:

Hand Weapons
 a - a +0 war axe (weapon)
Missiles
 p - 17 poisoned darts
 u - a boomerang
Armour
 b - a +0 scale mail (worn)
 c - a +0 buckler (worn)
 i - a +0 pair of boots (worn)
Jewellery
 h - a ring of see invisible (left hand)
Wands
 o - a wand of roots (7) (quivered)
 w - a wand of light (10)
Scrolls
 f - a scroll of teleportation {unknown}
 g - a scroll of silence {unknown}
 j - 2 scrolls of fog {unknown}
 k - a scroll of amnesia {unknown}
 l - 4 scrolls of enchant armour {unknown}
 m - a scroll of butterflies {unknown}
 n - 2 scrolls of torment {unknown}
 v - a scroll of poison {unknown}
 y - a scroll of noise {unknown}
Potions
 d - 3 potions of might
 e - a potion of degeneration {unknown}
 q - a potion of attraction {unknown}
 r - a potion of invisibility {unknown}
 s - 2 potions of enlightenment
 t - 3 potions of heal wounds
 x - 2 potions of haste {unknown}
 z - 2 potions of curing {unknown}


   Skills:
 - Level 3.6 Fighting
 + Level 7.9 Axes
 - Level 3.6 Armour
 - Level 3.6 Shields


You had 5 spell levels left.
You didn't know any spells.
Your spell library was empty.

Dungeon Overview and Level Annotations

Branches:
Dungeon (4/15)              Sewer (visited)
 Temple: D:4-7

Altars:


Innate Abilities, Weirdness & Mutations

You have a pair of horns on your head.
You reflexively headbutt those who attack you in melee.


Message History

The ball python misses you.
You slash the hobgoblin!
You kill the hobgoblin!
You slash the ball python!
You kill the ball python!
The quokka bites you but does no damage.
You see here a scroll labelled ZAIFOTHR QEUDAR.
You barely miss the quokka. The quokka bites you.
You barely miss the quokka. The quokka completely misses you.
You closely miss the quokka.
The quokka bites you but does no damage.
The quokka misses you.
You slash the quokka!
You kill the quokka!
Things that are here:
a +0 club; a quokka corpse; a ball python corpse
y - a scroll labelled ZAIFOTHR QEUDAR You see here 6 stones.
A goblin comes into view. It is wielding a +0 club.
The goblin shouts!
An orc warrior comes into view. It is wielding a +0 glaive.
The goblin hits you but does no damage.
The orc warrior shouts!
You slash the goblin!
You kill the goblin!
The orc warrior unwields a +0 glaive.
The orc warrior wields a +0 orcbow.
The orc warrior shoots an arrow.
The arrow hits you.
Things that are here:
a +0 club; a goblin corpse The orc warrior shoots an arrow.
The arrow completely misses you.
The orc warrior shoots an arrow.
The arrow hits you.
The orc warrior shoots an arrow.
The arrow hits you but does no damage.
The orc warrior shoots an arrow.
The arrow misses you.
The orc warrior shoots an arrow.
The arrow hits you!
The orc warrior unwields a +0 orcbow.
The orc warrior wields a +0 glaive.
The orc warrior hits you with a +0 glaive!!
* * * LOW HITPOINT WARNING * * *
You hit the orc warrior but do no damage.
The orc warrior hits you with a +0 glaive!!
You die...

....###...######
...###.#.###
..###.#.##)##
+###.#.##.#.##
##.#.##.#.#.##
##.#.##.#.#.#.##
#.#.##.#.###.#.##
.#.##.#.##.##.#.##
#.##.#.##.#.##.#@#
.##.#.##.#.#.##.#o#
##.#.##.#...#.##.#.#
#.#.##()).##.#.##.#.#
##.#...#.##.#.## ##
.##.#.#.##.#.##
#.##.#.##.#.##
.#.##.##.#.##
#.#.###.#.##


You could see an orc warrior.

Vanquished Creatures
  A kobold brigand (Sewer)
  Natasha (twice) (D:2)
  An orc wizard (D:3)
  5 adders
  2 river rats (Sewer)
  3 worms
  2 dart slugs
  4 orcs (D:3)
  8 bats
  4 endoplasms
  A giant cockroach (D:3)
  5 goblins
  9 hobgoblins
  5 jackals
  7 quokkas
  5 ball pythons
  3 frilled lizards
  10 kobolds
  6 rats
83 creatures vanquished.

Notes
Turn   | Place    | Note
-------+----------+-------------------------------------------
     0 | D:1      | bmack86 the Minotaur Fighter began the quest for the Orb.
     0 | D:1      | Reached XP level 1. HP: 19/19 MP: 0/0
   185 | D:1      | Reached skill level 3 in Axes
   249 | D:1      | Reached XP level 2. HP: 25/26 MP: 1/1
   667 | D:1      | Found a faded altar of an unknown god.
   855 | D:2      | Reached skill level 4 in Axes
   855 | D:2      | Reached XP level 3. HP: 28/31 MP: 2/2
  1211 | D:2      | Identified the +1 robe "Ruhucoff" {Dex+2}
  1332 | D:2      | Reached skill level 5 in Axes
  1515 | D:2      | Noticed Natasha
  1521 | D:2      | Killed Natasha
  1522 | D:2      | Reached XP level 4. HP: 34/39 MP: 3/3
  1897 | D:2      | Noticed Natasha
  1902 | D:2      | Killed Natasha
  1903 | D:2      | Reached skill level 6 in Axes
  2199 | D:3      | Reached XP level 5. HP: 44/45 MP: 4/4
  2293 | D:3      | Found a glowing drain.
  2317 | Sewer    | Entered a sewer
  2509 | Sewer    | Reached skill level 7 in Axes
  2540 | Sewer    | Found a white marble altar of Elyvilon.
  2687 | D:3      | Reached XP level 6. HP: 50/51 MP: 5/5
  3388 | D:4      | Noticed an orc warrior
  3397 | D:4      | Mangled by an orc warrior

Illustrated notes

Levels and vault maps discovered:
D:1:      onia_arrival_mini_spirals, layout_basic,
          hellmonk_ecumenical_altar_run_dry
D:2:      minmay_evil_eye, layout_basic, serial_bayou_pond_c, minmay_liquid_box,
          minmay_pentomino_u4, uniq_natasha
D:3:      layout_basic, serial_rivers, chequers_serial_rivers_micro_d,
          chequers_serial_rivers_micro_b, chequers_serial_rivers_micro_e,
          chequers_serial_rivers_micro_e, cheibrodos_sewer_entry_bend
D:4:      minmay_inner_zag, layout_loops_corners, uniq_crazy_yiuf_cottage

Skill      XL: |  1  2  3  4  5 |
---------------+----------------+-----
Axes           | 3 4 5 6 7 |  7.9
Fighting       | |  3.6
Armour         | |  3.6
Shields        | |  3.6

Action                     |  1- 3 |  4- 6 || total
---------------------------+-------+-------++-------
  Melee: War axe           |    73 |   122 ||   195
         Headbutt          |     9 |    10 ||    19
 Armour: Scale mail        |    42 |    75 ||   117
  Dodge: Dodged            |    37 |    64 ||   101
  Block: Buckler           |    13 |    28 ||    41

Table legend: (Time is in decaauts)
 A = Elapsed time spent in this place.
 B = Non-inter-level travel time spent in this place.
 C = Inter-level travel time spent in this place.
 D = Time resting spent in this place.
 E = Time spent auto-exploring this place.
 F = Levels seen in this place.
 G = Mean time per level.
                   A        B        C        D        E       F      G
               +--------+--------+--------+--------+--------+-----+--------+
         Total |   3482 |   3373 |    109 |      0 |   2540 |   5 |  696.4 |
       Dungeon |   3186 |   3077 |    109 |      0 |   2336 |   4 |  796.5 |
         Sewer |    296 |    296 |      0 |      0 |    204 |   1 |  296.0 |
               +--------+--------+--------+--------+--------+-----+--------+

Top non-repeatable levels by time:
     D:2: 1370 daAuts
     D:1: 857 daAuts
     D:3: 798 daAuts
   Sewer: 296 daAuts
     D:4: 160 daAuts
